 Dungeon Crawl Stone Soup version 0.19-a0-28-g8794423 (webtiles) character file.

23 tyvek the Insei (level 2, -12/16 HPs)
             Began as a Vine Stalker Monk on May 2, 2016.
             Mangled by a gnoll
             ... wielding a +0 halberd
              (14 damage)
             ... on level 2 of the Dungeon.
             The game lasted 00:01:03 (785 turns).

tyvek the Insei (Vine Stalker Monk)                  Turns: 785, Time: 00:01:04

Health: -12/16     AC:  2    Str: 13    XL:     2   Next: 95%
Magic:  0/3        EV: 13    Int: 10    God:
Gold:   16         SH:  0    Dex: 16    Spells: 0 memorised, 1 level left

rFire  . . .     SeeInvis .       - Unarmed
rCold  . . .     Gourm    .     a - +0 robe
rNeg   . . .     Faith    .     (no shield)
rPois  .         Spirit   +     (no helmet)
rElec  .         Dismiss  .     (no cloak)
rCorr  .         Reflect  .     (no gloves)
SustAt .         Harm     .     (no boots)
MR     .....                    (no amulet)
Stlth  ++........               (no ring)
                                (no ring)

@: not resistant to hostile enchantments, unstealthy
A: fangs 2, regeneration 1, magic shield, antimagic bite, no device heal 3, rot
immunity
a: no special abilities


You were on level 2 of the Dungeon.
You were not hungry.

You visited 1 branch of the dungeon, and saw 2 of its levels.

You collected 16 gold pieces.

Inventory:

Armour
 a - a +0 robe (worn)
Scrolls
 c - a scroll of identify
 e - a scroll of enchant weapon
Potions
 d - a potion of brilliance {unknown}
 f - a potion of might {unknown}
 g - a potion of magic {unknown}
 i - a potion of heal wounds
 j - a potion of degeneration {unknown}
 k - a potion of lignification {unknown}
Comestibles
 b - a bread ration {@e1}
 h - a meat ration {@e2}


   Skills:
 + Level 2.8 Fighting
 + Level 2.8 Dodging
 - Level 2.4 Stealth
 * Level 4.4 Unarmed Combat


You had one spell level left.
You didn't know any spells.

Dungeon Overview and Level Annotations

Branches:
Dungeon (2/15)

Altars:


Innate Abilities, Weirdness & Mutations

You have extremely sharp teeth.
Your natural rate of healing is unusually fast.
When hurt, damage is shared between your health and your magic reserves.
Your bite disrupts and absorbs the magic of your enemies.
Potions and wands cannot restore your health.
You are immune to rotting.


Message History

It was a scroll of blinking.
Read which item? (? for menu, Esc to quit)
As you read the scroll labeled TEASSI XOJO, it crumbles to dust.
Your brain hurts!
It was a scroll of random uselessness.
Eat which item? (? for menu, Esc to quit)
You don't have any such object.
Eat which item? (? for menu, Esc to quit)
Okay, then.
Unknown command.
Unknown command.
Read which item? (? for menu, Esc to quit)
As you read the scroll labeled XUHOEPRUIS, it crumbles to dust.
It is a scroll of enchant weapon.
You aren't carrying any weapons that can be enchanted.
Read which item? (? for menu, Esc to quit)
As you read the scroll labeled ZAEZ XUSOKKO, it crumbles to dust.
It is a scroll of identify.
Identify which item? (\ to view known items) (? for menu, Esc to quit)
i - a potion of heal wounds Done exploring.
Done exploring.
Done exploring.
Done exploring.
Done exploring.
Done exploring.
Done exploring.
Done exploring.
(D) Dungeon
Where to? (? - help)
There is a stone staircase leading down here.
You climb downwards.
A rat comes into view.
There is a stone staircase leading up here.
A rat is nearby!
A rat is nearby!
The rat closely misses you.
Found a stone staircase leading up.
You hit the rat but do no damage. The rat misses you.
You closely miss the rat. You hit the rat but do no damage.
You bite the rat, but do no damage. The rat barely misses you.
A rat is nearby!
You closely miss the rat. Your bite misses the rat.
The rat bites you but does no damage.
A rat is nearby!
You hit the rat.
You kill the rat!
You see here a rat corpse.
g - a fuming amethyst potion No target in view!
You now have 16 gold pieces (gained 12).
Your magical contamination has completely faded away.
No target in view!
k - a lumpy dark potion No target in view!
A gnoll comes into view. It is wielding a spear.
The gnoll shouts!
A gnoll is nearby!
The gnoll misses you.
A gnoll comes into view. It is wielding a halberd.
There are monsters nearby!
The gnoll shouts!
The gnoll hits you with a spear!
Found an escape hatch in the ceiling. 2 gnolls come into view.
You take 6 damage, and have 10/16 hp.
MASSIVE DAMAGE!!
You now have 2/3 mp.
The gnoll hits you from afar with a spear.
You take 2 damage, and have 8/16 hp.
MP restored: 3
There is a stone staircase leading up here.
You climb upwards.
There is a stone staircase leading down here.
You start resting.
Health restored: 16 You climb downwards.
The gnoll barely misses you.
There is a stone staircase leading up here.
You closely miss the gnoll. Your bite misses the gnoll.
The gnoll barely misses you.
The gnoll hits you from afar with a spear.
You take 5 damage, and have 11/16 hp.
MASSIVE DAMAGE!!
You hit the gnoll. Your bite misses the gnoll. The gnoll barely misses you.
The gnoll misses you.
You barely miss the gnoll. You bite the gnoll. You drain its power.
The gnoll hits you from afar with a spear!
The gnoll closely misses you.
You take 6 damage, and have 6/16 hp.
MASSIVE DAMAGE!!
You now have 2/3 mp.
You barely miss the gnoll.
The gnoll hits you from afar with a spear.
* * * LOW HITPOINT WARNING * * *
You take 4 damage, and have 2/16 hp.
MASSIVE DAMAGE!!
You now have 1/3 mp.
The gnoll hits you with a halberd!
Ouch! That really hurt!
You die...

... .. #.. #. #.. #
#.### #.# #.#...###.#
####.[.<..##.#
..........##.# #
..##..###†.##g####....
...........g.<@.......
(.#..#....g..........
. #..###..##.........
#.......#######....
....#......# ..# ##
#.#.##.# .# #.#.##g# #
###.#.##.#
....#.##g#### ###


You could see 3 gnolls.

Vanquished Creatures
  A worm (D:1)
  A dart slug (D:1)
  4 bats (D:1)
  A giant cockroach (D:1)
  2 goblins (D:1)
  2 hobgoblins (D:1)
  2 kobolds (D:1)
  6 rats
19 creatures vanquished.

Notes
Turn   | Place    | Note
--------------------------------------------------------------
     0 | D:1      | tyvek the Vine Stalker Monk began the quest for the Orb.
     0 | D:1      | Reached XP level 1. HP: 11/11 MP: 2/2
   265 | D:1      | Reached XP level 2. HP: 16/16 MP: 3/3
   784 | D:2      | HP: 2/16 [gnoll/spear (4)]
   785 | D:2      | Mangled by a gnoll

Vault maps used:
D:1:      eino_arrival_water_star

Action                   || total
-------------------------++-------
Melee: Unarmed           ||    44
       Bite              ||    14
       Punch             ||     1
  Use: Scroll            ||     5
 Stab: Sleeping          ||     8
Armor: Robe              ||     4
Dodge: Dodged            ||    24

Vault maps used:
D:1:      eino_arrival_water_star

Table legend:
 A = Turns spent in this place as a percentage of turns spent in the entire game.
 B = Non-inter-level travel turns spent in this place as a percentage of non-inter-level travel turns spent in the entire game.
 C = Inter-level travel turns spent in this place as a percentage of turns spent in this place.
 D = Turns resting spent in this place as a percentage of non-inter-level travel turns spent in this place.
 E = Turns spent auto-exploring this place as a percentage of non-inter-level travel turns spent in this place.
 F = Non-inter-level travel turns spent in this place divided by the number of levels of this place that you've seen.
                   A       B       C       D       E      F
               +-------+-------+-------+-------+-------+----------------------
         Total | 100.0 | 100.0 |   0.4 |   1.5 |  17.3 | 130.0
       Dungeon | 100.0 | 100.0 |   0.4 |   1.5 |  17.3 | 130.0
               +-------+-------+-------+-------+-------+----------------------

Table legend:
 A = Kills in this place as a percentage of kills in entire the game.
 B = Kills by you in this place as a percentage of kills by you in the entire game.
 C = Kills by friends in this place as a percentage of kills by friends in the entire game.
 D = Other kills in this place as a percentage of other kills in the entire game.
 E = Experience gained in this place as a percentage of experience gained in the entire game.
 F = Experience gained in this place divided by the number of levels of this place that you have seen.
                   A       B       C       D       E      F
               +-------+-------+-------+-------+-------+----------------------
         Total | 100.0 | 100.0 |  -nan |  -nan | 100.0 |  16.5
       Dungeon | 100.0 | 100.0 |  -nan |  -nan | 100.0 |  16.5
               +-------+-------+-------+-------+-------+----------------------
